 Dungeon Crawl Stone Soup version 0.23-a0-650-ga4d50d4 (webtiles) character file.

124 Borgoz the Sneak (level 5, -1/29 HPs)
             Began as a Kobold Enchanter on Jan 5, 2019.
             Slain by a worker ant (7 damage)
             ... on level 4 of the Dungeon on Jan 6, 2019.
             The game lasted 00:09:24 (3356 turns).

Borgoz the Sneak (Kobold Enchanter)                 Turns: 3356, Time: 00:09:24

Health: -1/29      AC:  2    Str:  5    XL:     5   Next: 30%
Magic:  9/9        EV: 16    Int: 17    God:
Gold:   139        SH:  0    Dex: 16    Spells: 6/9 levels left

rFire    . . .     SeeInvis .   j - +1 dagger (protect)
rCold    . . .     Gourm    +   (shield restricted)
rNeg     . . .     Faith    .   b - +0 robe
rPois    .         Spirit   .   (no helmet)
rElec    .         Reflect  .   (no cloak)
rCorr    .         Harm     .   (no gloves)
MR       .....                  (no boots)
Stlth    +++.......             f - amulet of the gourmand
HPRegen  0.09/turn              (no ring)
MPRegen  0.11/turn              (no ring)

@: lethally poisoned (-1 -> -6)
A: small, carnivore
a: no special abilities


You were on level 4 of the Dungeon.
You were very full.

You visited 1 branch of the dungeon, and saw 4 of its levels.

You collected 139 gold pieces.

Inventory:

Hand Weapons
 c - a +2 short sword of electrocution
 i - a +0 dagger of draining
 j - a +1 dagger of protection (weapon)
Armour
 b - a +0 robe (worn)
 q - a +0 ring mail of poison resistance
Jewellery
 f - an amulet of the gourmand (around neck)
 s - an uncursed amulet of rage {unknown}
Scrolls
 e - a scroll of enchant armour {unknown}
 l - a scroll of magic mapping {unknown}
 m - 2 scrolls of fear {unknown}
 o - 4 scrolls of identify {unknown}
 p - a scroll of noise {unknown}
 u - 3 scrolls of remove curse {unknown}
 v - a scroll of teleportation {unknown}
Potions
 a - a potion of flight {unknown}
 g - a potion of resistance {unknown}
 h - a potion of might {unknown}
 k - a potion of heal wounds {unknown}
 n - a potion of cancellation {unknown}
 t - a potion of curing {unknown}
Comestibles
 d - 7 rations


   Skills:
 + Level 1.2 Fighting
 * Level 3.3 Short Blades
 - Level 0.3 Armour
 + Level 2.9 Dodging
 * Level 5.2 Stealth
 + Level 2.7 Spellcasting
 + Level 3.3 Hexes
 + Level 0.4 Ice Magic


You had 6 spell levels left.
You knew the following spells:

 Your Spells              Type           Power        Failure   Level  Hunger
a - Corona                Hex            ##.....      4%          1    #......
b - Ensorcelled Hibernat  Hex/Ice        #.....       12%         2    ##.....

Your spell library contained the following spells:

 Spells                   Type           Power        Failure   Level  Hunger
 Confuse                  Hex            ##......     14%         3    ###....
 Tukima's Dance           Hex            ##......     14%         3    ###....
 Dazzling Spray           Conj/Hex       #.....       26%         3    ###....


Dungeon Overview and Level Annotations

Branches:
Dungeon (4/15)
 Temple: D:4-7

Altars:
Okawaru
Xom


Innate Abilities, Weirdness & Mutations

You are small and have problems with some larger weapons.
You are carnivorous and can eat meat at any time.


Message History

You feel sick.
You feel sick.
The orc wizard mumbles some strange words.
The orc wizard blinks!
There is an open door here.
You feel sick.
The orc priest looks satisfied for a moment.
You feel sick.
You feel sick.
You feel sick. The worker ant barely misses you.
* * * LOW HITPOINT WARNING * * *
You feel sick.
* * * LOW HITPOINT WARNING * * *
You feel sick.
The worker ant bites you but does no damage.
* * * LOW HITPOINT WARNING * * *
You feel sick. The worker ant barely misses you.
There is a stone staircase leading up here.
The worker ant bites you!
You die...

## ### .# #.#
.#######.#####
.......#.....#
######.#.###.#####
...............a@######
###
############...####...#
.... ..........# #...#
.....
#######..o####..o##......
#..........'..o.oo.....
#.##########...#.......
#####.......


ooo.... <.o.... You could see a worker ant.

Vanquished Creatures
  5 adders
  4 worms
  2 leopard geckos
  An orc (D:3)
  2 ball pythons
  11 bats
  3 giant cockroaches
  9 goblins
  8 hobgoblins
  3 jackals (D:3)
  2 quokkas (D:3)
  4 frilled lizards
  7 kobolds
  A rat (D:1)
62 creatures vanquished.

Notes
Turn   | Place    | Note
-------+----------+-------------------------------------------
     0 | D:1      | Borgoz the Kobold Enchanter began the quest for the Orb.
     0 | D:1      | Reached XP level 1. HP: 10/10 MP: 3/3
   338 | D:1      | Reached XP level 2. HP: 15/15 MP: 5/5
   981 | D:1      | Reached XP level 3. HP: 11/20 MP: 2/6
  1581 | D:2      | Reached XP level 4. HP: 24/24 MP: 7/7
  1815 | D:2      | Learned a level 2 spell: Ensorcelled Hibernation
  2186 | D:2      | Noticed an orc warrior
  2286 | D:2      | Reached skill level 5 in Stealth
  2553 | D:3      | Reached skill level 1 in Fighting
  2823 | D:3      | Reached XP level 5. HP: 29/29 MP: 7/9
  3232 | D:3      | Found an iron altar of Okawaru.
  3236 | D:3      | Found a shimmering altar of Xom.
  3356 | D:4      | Slain by a worker ant

Vault maps used:
D:1:      matt_arrival_spirals, serial_glass, glass_columns_a, glass_columns_a
D:2:      first_ration
D:3:      minitemple, minmay_puff

Skill      XL: |  1  2  3  4 |
---------------+-------------+-----
Short Blades   | 2 3 |  3.3
Stealth        | 5 |  5.2
Fighting       | 1 |  1.2
Armour         | |  0.3
Dodging        | |  2.9
Spellcasting   | |  2.7
Hexes          | |  3.3
Ice Magic      | |  0.4

Action                   |  1- 3 |  4- 6 || total
-------------------------+-------+-------++-------
Melee: Dagger            |    41 |   155 ||   196
       Short sword       |    63 |       ||    63
 Cast: Corona            |     9 |     8 ||    17
 Stab: Sleeping          |     6 |     9 ||    15
       Distracted        |       |     1 ||     1
  Eat: Chunk             |    10 |     6 ||    16
Armor: Robe              |    23 |    34 ||    57
Dodge: Dodged            |    93 |   124 ||   217

Table legend:
 A = Non-vault XP
 B = Vault XP
 C = Vault XP percentage of total XP
 D = Non-vault monster count
 E = Vault monster count
 F = Vault count percentage of total count
                 A         B        C        D         E       F
            +---------+---------+-------+---------+---------+-------
      Total |     169 |       9 |   5.1 |      57 |       5 |   8.1
            +---------+---------+-------+---------+---------+-------
        D:1 |      45 |       0 |   0.0 |      26 |       0 |   0.0
        D:2 |      71 |       0 |   0.0 |      17 |       0 |   0.0
        D:3 |      52 |       9 |  14.8 |      13 |       5 |  27.8
        D:4 |       1 |       0 |   0.0 |       1 |       0 |   0.0
            +---------+---------+-------+---------+---------+-------
